 Dungeon Crawl Stone Soup version 0.18-a0-1390-gc02854d (webtiles) character file.

98 dvd the Sneak (level 4, 0/40 HPs)
             Began as an Octopode Ice Elementalist on Feb 23, 2016.
             Succumbed to an adder's poison
             ... on level 3 of the Dungeon.
             The game lasted 00:05:27 (1990 turns).

dvd the Sneak (Octopode Ice Elementalist)           Turns: 1990, Time: 00:05:27

Health: 0/40       AC:  1    Str: 12    XL:     4   Next: 71%
Magic:  1/17       EV: 12    Int: 17    God:
Gold:   173        SH:  0    Dex: 13    Spells: 3 memorised, 2 levels left

rFire  . . .     SeeInvis .     g - +0 dagger
rCold  . . .     Gourm    .     (no shield)
rNeg   . . .     Faith    .     (helmet restricted)
rPois  .         Spirit   .     (no amulet)
rElec  .         Dismiss  .     l - ring of magical power
rCorr  .         Reflect  .     (no ring)
SustAt .         Harm     .     (no ring)
MR     .....                    (no ring)
Stlth  ..........               (no ring)
                                (no ring)
                                (no ring)
                                (no ring)

@: berserking, lethally poisoned (0 -> -5), very quick, not resistant to hostile
enchantments, extremely unstealthy
A: almost no armour, amphibious, 8 rings, constrict 8, camouflage 1, gelatinous
body 1
a: no special abilities


You were on level 3 of the Dungeon.
You were hungry.

You visited 1 branch of the dungeon, and saw 3 of its levels.

You collected 173 gold pieces.

Inventory:

Hand Weapons
 g - a +0 dagger (weapon)
Jewellery
 l - a ring of magical power (left tentacle)
 m - an uncursed ring of loudness
Scrolls
 d - 3 scrolls of identify {unknown}
 f - 2 scrolls of remove curse
 k - 2 scrolls of teleportation {unknown}
 n - a scroll of enchant armour {unknown}
Potions
 c - a potion of berserk rage
 e - a potion of cancellation {unknown}
 h - a potion of curing {unknown}
 o - a potion of ambrosia {unknown}
Books
 a - a book of Frost

   Spells                             Type                      Level
   a - Freeze                         Ice                          1
   b - Throw Frost                    Conjuration/Ice              2
   c - Ozocubu's Armour               Charms/Ice                   3
   d - Throw Icicle                   Conjuration/Ice              4
   e - Summon Ice Beast               Ice/Summoning                4
Comestibles
 b - 2 bread rations
 i - a meat ration


   Skills:
 + Level 0.2 Fighting
 + Level 2.3 Dodging
 + Level 3.9 Stealth
 + Level 2.6 Spellcasting
 + Level 1.4 Conjurations
 + Level 0.2 Charms
 + Level 3.9 Ice Magic


You had 2 spell levels left.
You knew the following spells:

 Your Spells              Type           Power        Failure   Level  Hunger
a - Freeze                Ice            ###.         3%          1    #......
b - Throw Frost           Conj/Ice       ##....       12%         2    ##.....
c - Ozocubu's Armour      Chrm/Ice       #.......     24%         3    ###....


Dungeon Overview and Level Annotations

Branches:
Dungeon (3/15)

Altars:


Innate Abilities, Weirdness & Mutations

You cannot wear most types of armour.
You are amphibious.
You can wear up to eight rings at the same time.
You can use your tentacles to constrict eight enemies at once.
Your skin changes colour to match your surroundings (Stealth).
Your rubbery body absorbs attacks (AC +1).


Message History

Aim: an adder You freeze the adder.
The adder is lightly wounded.
The adder bites you.
* * * LOW HITPOINT WARNING * * *
The adder barely misses you.
Drink which item? (? for menu, Esc to quit)
Okay, then.
Drink which item? (? for menu, Esc to quit)
It was a potion of berserk rage.
A red film seems to cover your vision as you go berserk!
You feel yourself moving faster!
You feel mighty! The adder bites you.
* * * LOW HITPOINT WARNING * * *
You are lethally poisoned!
The adder poisons you!
Unknown command.
You are too berserk!
You closely miss the adder. Your grab misses the adder.
The adder is lightly wounded.
You die...

.## #.# #...#### ..##
#<###..## ...# ##......#
...####...#.###
.#.#.........# #
.....###.....# .#
#............### ##.###
#...####.......#####.....#
..#.# #.#####..@Sl.%.....#
###.# #.# #####.........
#.# #.# #......... #.. ..#
#)........ ### ..
#......... #.........
#......... #†........
#(.)......


You could see an adder and a giant newt.

Vanquished Creatures
  4 adders
  An ooze (D:3)
  A giant gecko (D:2)
  7 orcs (D:3)
  9 bats
  4 giant cockroaches
  6 goblins
  4 hobgoblins
  5 giant newts
  4 kobolds
  4 rats
49 creatures vanquished.

Notes
Turn   | Place    | Note
--------------------------------------------------------------
     0 | D:1      | dvd the Octopode Ice Elementalist began the quest for the Orb.
     0 | D:1      | Reached XP level 1. HP: 11/11 MP: 3/3
   470 | D:1      | Reached XP level 2. HP: 13/17 MP: 5/5
   490 | D:1      | Learned a level 2 spell: Throw Frost
  1089 | D:2      | Reached XP level 3. HP: 21/21 MP: 1/6
  1099 | D:2      | Learned a level 3 spell: Ozocubu's Armour
  1661 | D:3      | Reached XP level 4. HP: 27/27 MP: 7/7
  1989 | D:3      | HP: 1/40 [adder (5)]
  1990 | D:3      | Succumbed to an adder's poison

Vault maps used:
D:1:      sevenhm_arrival_forest_fort_large_2
D:2:      first_bread, hangedman_decor_push
D:3:      nicolae_overflow_hidden_temple

Skill      XL: |  1  2 |
---------------+-------+-----
Stealth        | 3 |  3.9
Fighting       | |  0.2
Dodging        | |  2.3
Spellcasting   | |  2.6
Conjurations   | |  1.4
Charms         | |  0.2
Ice Magic      | |  3.9

Action                   |  1- 3 |  4- 6 || total
-------------------------+-------+-------++-------
Melee: Unarmed           |    10 |       ||    10
       Dagger            |    18 |    14 ||    32
 Cast: Freeze            |    18 |    11 ||    29
       Throw Frost       |    13 |    10 ||    23
       Ozocubu's Armour  |     3 |     2 ||     5
  Use: Scroll            |     1 |       ||     1
       Potion            |       |     1 ||     1
 Stab: Sleeping          |    10 |     1 ||    11
  Eat: Chunk             |     4 |     1 ||     5
